Map: Pillars of Gold LE

Players

eGGz

  • Race: Zerg Zerg
  • League: Grandmaster
  • Spawn Location: 1:00

SpeCial - Winner!

  • Race: Terran Terran
  • League: Master
  • Spawn Location: 7:00

Event: DreamHack SC2 Masters 2020 Winter

VOD

Have the link to the VOD?

Description

Time

  • Played on: Oct. 21, 2020, 5:13 p.m.
  • Length: 9:19

All games in this series

Show
View Real Time Build Order
Export as new Build Order

eGGz Zerg 

Build Orders: Pool First 

Get SALT Encoding   

  12  0:00  Drone  
  13  0:13  Overlord  
  13  0:18  Drone  
  14  0:33  Drone x2  
  16  0:42  Spawning Pool  
  15  0:46  Drone  
  16  0:54  Drone  
  17  1:14  Hatchery  
  17  1:16  Drone  
  17  1:29  Zergling x4  
  17  1:31  Extractor  
  18  1:34  Queen  
  20  1:45  Drone  
  21  1:47  Drone  
  21  1:52  Roach Warren  
  21  2:04  Overlord  
  21  2:06  Drone  
  21  2:23  Drone  
  22  2:35  Roach x3  
  28  2:39  Roach  
  28  2:40  Queen  
  31  2:45  Drone  
  31  2:47  Drone  
  33  2:54  Drone x2  
  35  3:01  Overlord  
  35  3:08  Extractor, Ravager  
  36  3:20  Drone x2  
  36  3:22  Extractor  
  38  3:29  Hatchery  
  38  3:32  Ravager  
  38  3:34  Drone  
  38  3:36  Drone  
  38  3:39  Drone  
  41  3:43  Drone  
  41  3:44  Drone  
  43  3:53  Drone  
  44  4:00  Overlord  
  44  4:04  Overlord  
  44  4:11  Drone  
  44  4:12  Overlord  
  44  4:15  Lair  
  44  4:16  Drone x2, Extractor  
  43  4:17  Drone  
  43  4:19  Drone  
  43  4:22  Drone  
  46  4:28  Drone  
  46  4:31  Drone  
  48  4:38  Extractor  
  47  4:39  Drone  
  47  4:44  Drone x2  
  47  4:45  Spore Crawler  
  49  4:47  Queen  
  49  4:49  Evolution Chamber  
  49  4:50  Evolution Chamber  
  51  4:52  Roach  
  51  4:55  Drone x2  
  51  4:56  Drone  
  54  5:02  Drone x2  
  54  5:05  Drone x3  
  59  5:14  Glial Reconstitution  
  59  5:15  Roach x2  
  59  5:19  Roach  
  65  5:25  Overlord x2  
  65  5:30  Zerg Ground Armor Level 1  
  65  5:35  Overlord  
  65  5:43  Zerg Missile Weapons Level 1  
  65  5:44  Drone x4  
  65  5:46  Roach  
  65  5:47  Ravager  
  65  5:48  Drone  
  65  5:49  Drone  
  74  5:53  Roach  
  74  5:56  Roach x2  
  80  6:01  Roach  
  82  6:07  Overlord x3  
  82  6:11  Overlord  
  82  6:14  Overlord  
  78  6:26  Roach x4  
  83  6:38  Drone x2  
  73  6:45  Roach  
  73  6:46  Roach x5  
  85  6:49  Drone x3  
  88  6:56  Overseer  
  88  7:00  Roach  
  90  7:02  Roach  
  92  7:10  Ravager  
  73  7:25  Roach x4  
  73  7:28  Roach  
  71  7:35  Roach x3, Zergling x2  
  71  7:36  Zergling x4  
  80  7:44  Ravager  
  85  7:51  Roach x2  
  81  8:02  Roach x4  
  81  8:11  Roach x2  
  87  8:12  Roach  
  87  8:19  Roach  
  91  8:20  Roach  
  91  8:21  Queen x2  
  91  8:26  Roach  
  97  8:27  Roach  
  85  8:39  Roach x5  
  81  8:52  Roach x3  
  81  8:54  Roach  
  81  8:59  Extractor  
  80  9:03  Ravager  
  80  9:06  Drone x3  
  80  9:07  Drone  
Show
View Real Time Build Order
Export as new Build Order

SpeCial Terran - Winner!

Build Orders: Reaper Expand 

Get SALT Encoding   

  12  0:00  SCV  
  13  0:12  SCV  
  14  0:18  Supply Depot  
  14  0:25  SCV  
  15  0:39  SCV  
  15  0:41  Barracks  
  16  0:45  Refinery  
  16  0:51  SCV  
  17  1:04  SCV  
  18  1:16  SCV  
  19  1:28  Orbital Command  
  19  1:29  Reaper  
  20  1:43  Command Center  
  20  1:53  Supply Depot  
  20  1:54  SCV  
  20  2:01  Marine  
  22  2:06  SCV  
  23  2:11  Factory  
  23  2:18  SCV  
  24  2:22  Barracks Reactor  
  24  2:31  SCV  
  24  2:33  Refinery  
  24  2:34  Bunker  
  25  2:43  SCV  
  26  2:55  SCV  
  26  2:56  Orbital Command  
  27  2:59  Starport  
  27  3:06  Marine  
  27  3:07  Marine, SCV  
  27  3:11  Factory Tech Lab  
  30  3:15  Supply Depot  
  30  3:19  SCV  
  31  3:23  SCV  
  31  3:24  Marine x2  
  34  3:31  Cyclone, SCV  
  38  3:35  SCV  
  38  3:40  Supply Depot  
  39  3:43  SCV  
  39  3:44  Marine x2  
  42  3:48  Medivac  
  42  3:51  Orbital Command  
  43  4:00  SCV  
  43  4:01  Marine  
  43  4:02  Marine  
  46  4:03  Supply Depot  
  44  4:13  Siege Tank  
  44  4:15  SCV  
  47  4:17  SCV  
  47  4:19  Marine x2  
  50  4:27  SCV  
  50  4:28  Medivac  
  50  4:29  Supply Depot, SCV  
  54  4:37  Marine x2  
  56  4:39  SCV  
  56  4:41  SCV  
  58  4:51  SCV, Siege Tank  
  58  4:52  Supply Depot  
  62  4:54  SCV  
  62  4:55  Marine x2  
  64  5:06  Supply Depot  
  62  5:09  SCV x2, Medivac  
  66  5:21  Marine, Command Center  
  66  5:22  Marine  
  68  5:28  SCV  
  68  5:29  SCV  
  68  5:32  Supply Depot  
  68  5:33  Supply Depot  
  70  5:41  SCV, Factory Tech Lab  
  71  5:44  SCV, Starport Reactor  
  71  5:47  Barracks  
  72  5:50  Barracks  
  72  5:51  Marine, Stimpack  
  72  5:54  SCV  
  72  5:56  Engineering Bay  
  72  5:57  SCV, Engineering Bay  
  75  6:00  Refinery  
  75  6:02  Refinery  
  75  6:06  SCV  
  75  6:07  Siege Tank  
  75  6:08  Marine  
  75  6:09  SCV  
  81  6:18  SCV  
  81  6:21  SCV  
  83  6:26  Marine  
  83  6:30  SCV  
  83  6:32  Terran Infantry Weapons Level 1  
  71  6:41  Marine x2  
  71  6:43  Orbital Command  
  71  6:46  Siege Tank  
  71  6:48  SCV  
  71  6:50  Barracks x2, Starport Reactor  
  71  6:53  Marine x3  
  75  6:56  SCV  
  75  6:59  Marine  
  75  7:01  SCV  
  78  7:02  Marine  
  79  7:09  SCV  
  79  7:11  Marine x3  
  83  7:16  Marine  
  83  7:20  Marine, Siege Tank  
  83  7:23  Orbital Command  
  83  7:28  Marine  
  83  7:29  Marine x2  
  77  7:31  Medivac  
  77  7:32  SCV x2  
  77  7:34  Marine  
  77  7:37  Combat Shield  
  79  7:38  Marine, Barracks Reactor  
  81  7:44  SCV  
  81  7:45  Barracks Tech Lab  
  81  7:46  Marine x2  
  81  7:47  Marauder, SCV  
  86  7:52  Siege Tank  
  86  7:53  SCV  
  86  7:56  SCV  
  86  7:57  Marine x2  
  86  7:58  Armory  
  88  8:09  Marine x3, Marauder  
  89  8:14  Marine x2  
  89  8:16  Orbital Command  
  90  8:25  Marine x2  
  90  8:27  Marine x2  
  89  8:29  Siege Tank  
  82  8:35  Marine x2  
  82  8:38  SCV x2  
  77  8:45  Marine x5  
  81  8:48  SCV  
  81  8:53  Marine  
  82  8:58  SCV x2  
  82  9:01  SCV  
Tags
 
Add a new tag
Caveats
  • Supply blocks, unpowered buildings, or Contaminate may cause inaccurate times.
  • Supply counts are checked every 10 seconds.